 Dungeon Crawl Stone Soup version 0.23.3 (console) character file.

Game seed: 4119449834631234450

79 Mephistopheles the Skirmisher (level 4, 0/29 HPs)
             Began as a Gargoyle Fighter on Apr 10, 2020.
             Slain by an orc wizard
             ... wielding a +0 dagger
              (4 damage)
             ... on level 3 of the Dungeon.
             The game lasted 00:03:39 (1562 turns).

Mephistopheles the Skirmisher (Gargoyle Fighter)    Turns: 1562, Time: 00:03:39

Health: 0/29       AC: 11    Str: 21    XL:     4   Next: 37%
Magic:  4/4        EV:  7    Int:  8    God:
Gold:   142        SH:  9    Dex:  9    Spells: 3/3 levels left

rFire    + . .     SeeInvis .   a - +0 flail
rCold    . . .     Gourm    .   c - +0 shield
rNeg     + . .     Faith    .   n - +1 scale mail {rF+}
rPois    ∞         Spirit   .   (no helmet)
rElec    +         Reflect  .   (no cloak)
rCorr    .         Harm     .   (no gloves)
MR       .....                  (no boots)
Stlth    ..........             (no amulet)
HPRegen  0.09/turn              (no ring)
MPRegen  0.09/turn              (no ring)

@: no status effects
A: negative energy resistance 1, electricity resistance, unbreathing,
petrification resistance, rot immunity, AC +3
a: no special abilities


You were on level 3 of the Dungeon.
You were hungry.

You visited 1 branch of the dungeon, and saw 3 of its levels.

You collected 142 gold pieces.

Inventory:

Hand Weapons
 a - a +0 flail (weapon)
Armour
 b - a +0 scale mail
 c - a +0 shield (worn)
 n - a +1 scale mail of fire resistance (worn)
Scrolls
 g - 2 scrolls of amnesia {unknown}
 h - 4 scrolls of identify {unknown}
 j - a scroll of immolation {unknown}
 m - a scroll of blinking {unknown}
 o - a scroll of enchant weapon {unknown}
Potions
 d - a potion of might
 e - a potion of heal wounds {unknown}
 i - a potion of flight {unknown}
 k - a potion of resistance {unknown}
 l - a potion of lignification {unknown}
 p - a potion of mutation {unknown}
Comestibles
 f - 6 rations


   Skills:
 + Level 4.0 Fighting
 + Level 2.8 Maces & Flails
 + Level 3.8 Armour
 + Level 0.9 Dodging
 - Level 3.6 Shields


You had 3 spell levels left.
You didn't know any spells.
Your spell library was empty.

Dungeon Overview and Level Annotations

Branches:
Dungeon (3/15)

Altars:


Innate Abilities, Weirdness & Mutations

You are resistant to torment.
Your stone body is resilient. (AC +3)
You are immune to poison.
You resist negative energy. (rN+)
You are resistant to electric shocks. (rElec)
You can survive without breathing.
You are immune to petrification.
You are immune to rotting.


Message History

A puff of flame appears from out of thin air!
The puff of flame hits you. You resist.
You miss something. You block the orc's attack.
You hear some strange, mumbled words.
A puff of frost appears from out of thin air!
The puff of frost hits you!
* * * LOW HITPOINT WARNING * * *
The orc hits you.
* * * LOW HITPOINT WARNING * * *
Something hits you but does no damage.
You miss something.
An orc wizard appears from thin air!
Reactivating autopickup.
The orc wizard hits you but does no damage.
The orc hits you but does no damage.
The orc wizard hits you but does no damage.
You closely miss the orc wizard.
The orc wizard is almost dead.
You block the orc wizard's attack. The orc closely misses you.
The orc wizard hits you with a +0 dagger.
You die...

.###...#########..#.#
..................#..
.###...##########.# #
## ##.## #.# #.# #.#
# #.. #.# .# ###
#.####.####
#%###.#........
#...@o).†.....#
#..##o#.##.##.# #.
#.#.# # #...# ##..#
#... #...# #...#
#...#


You could see an orc wizard and an orc.

Vanquished Creatures
  Terence (D:2)
  2 worms (D:2)
  3 leopard geckos
  An orc (D:2)
  7 bats
  3 giant cockroaches
  A goblin (D:1)
  7 hobgoblins
  3 jackals (D:1)
  A quokka (D:2)
  2 ball pythons (D:1)
  3 frilled lizards
  4 kobolds
  8 rats
46 creatures vanquished.

Notes
Turn   | Place    | Note
-------+----------+-------------------------------------------
     0 | D:1      | Mephistopheles the Gargoyle Fighter began the quest for the
                  | Orb.
     0 | D:1      | Reached XP level 1. HP: 14/14 MP: 1/1
    65 | D:1      | Reached XP level 2. HP: 19/19 MP: 2/2
   606 | D:1      | Reached XP level 3. HP: 22/24 MP: 3/3
   867 | D:2      | Found a faded altar of an unknown god.
  1033 | D:2      | Noticed Terence
  1041 | D:2      | Killed Terence
  1041 | D:2      | Reached XP level 4. HP: 27/29 MP: 4/4
  1340 | D:3      | Reached skill level 4 in Fighting
  1562 | D:3      | Slain by an orc wizard

Skill      XL: |  1  2  3  4 |
---------------+-------------+-----
Fighting       | 4 |  4.0
Maces & Flails | |  2.8
Armour         | |  3.8
Dodging        | |  0.9
Shields        | |  3.6

Action                   |  1- 3 |  4- 6 || total
-------------------------+-------+-------++-------
Melee: Flail             |   140 |    66 ||   206
  Eat: Chunk             |     1 |     1 ||     2
Armor: Scale mail        |    87 |    64 ||   151
Dodge: Dodged            |    59 |    19 ||    78
Block: Shield            |    76 |    55 ||   131
